 Dungeon Crawl Stone Soup version 0.30-a0-377-g5cb311bc9f (webtiles) character file.

Game seed: 12588757286004287524

125 qeuew the Trooper (level 5, 0/42 HPs)
             Began as a Hill Orc Fighter on Nov 27, 2022.
             Slain by a sky beast (5 damage)
             ... on level 3 of the Dungeon.
             The game lasted 00:04:40 (2293 turns).

qeuew the Trooper (Hill Orc Fighter)                Turns: 2293, Time: 00:04:40

Health: 0/42       AC: 10    Str: 19    XL:     5   Next: 9%
Magic:  5/5        EV:  9    Int:  8    God:
Gold:   176        SH:  9    Dex: 12    Spells: 4/4 levels left

rFire   + . .      SeeInvis .    a - +0 war axe
rCold   + . .      Faith    .    c - +0 buckler
rNeg    . . .      Spirit   .    b - +1 scale mail
rPois   .          Reflect  .    (no helmet)
rElec   .          Harm     .    (no cloak)
rCorr   .          Rampage  .    (no gloves)
Will    .....                    (no boots)
Stlth   ..........               (no amulet)
HPRegen 0.27/turn                h - ring of protection from cold
MPRegen 0.09/turn                (no ring)

@: mighty
A: iridescent scales 1, large bone plates 1, fire resistance 1, frail 1
a: no special abilities


You were on level 3 of the Dungeon.
You visited 1 branch of the dungeon, and saw 3 of its levels.

You collected 176 gold pieces.

Inventory:

Hand Weapons
 a - a +0 war axe (weapon)
Armour
 b - a +1 scale mail (worn)
 c - a +0 buckler (worn)
Jewellery
 h - a ring of protection from cold (left hand)
 i - a ring of positive energy
Scrolls
 e - a scroll of enchant armour
 g - 2 scrolls of teleportation
Potions
 d - a potion of might
 f - 2 potions of brilliance


   Skills:
 + Level 4.4 Fighting
 + Level 3.8 Axes
 + Level 4.0 Armour
 + Level 1.5 Dodging
 + Level 4.0 Shields


You had 4 spell levels left.
You didn't know any spells.
Your spell library contained the following spells:

 Spells                   Type           Power      Damage    Failure   Level
 Gell's Gravitas          Tloc           0%         N/A       99%         3
 Lesser Beckoning         Tloc           0%         N/A       99%         3
 Teleport Other           Tloc           0%         N/A       99%         3


Dungeon Overview and Level Annotations

Branches:
Dungeon (3/15)

Altars:
Gozag


Innate Abilities, Weirdness & Mutations

You are partially covered in iridescent scales. (AC +2)
You are partially covered in large bone plates. (SH +4)
Your flesh is heat resistant. (rF+)
You are frail. (-10% HP)


Message History

Zonian's ghost is almost destroyed.
You barely miss something. Something hits you. Something shocks you.
* * * LOW HITPOINT WARNING * * *
Zonian's ghost hits you.
* * * LOW HITPOINT WARNING * * *
Unknown command.
You slice Zonian's ghost!!
You destroy Zonian's ghost!
You completely miss something. Something hits you but does no damage.
Your Armour skill increases to level 4!
Your Shields skill increases to level 4!
You have reached level 5!
You feel stronger.
Okay, then.
Okay, then.
You miss something.
A sky beast appears from thin air!
Reactivating autopickup.
You block the sky beast's attack. x2
You barely miss the sky beast.
The sky beast is lightly wounded.
You block the sky beast's attack.
You closely miss the sky beast.
The sky beast is lightly wounded.
The sky beast hits you but does no damage.
You closely miss the sky beast.
The sky beast is lightly wounded.
You block the sky beast's attack. x2
You slash the sky beast!
The sky beast is heavily wounded.
The sky beast flickers out of sight!
Deactivating autopickup; reactivate with Ctrl-A.
Something hits you but does no damage.
You completely miss something. Something hits you but does no damage.
You barely miss something.
Something hits you but does no damage. x2
You hit something. Something completely misses you.
You barely miss something. Something hits you but does no damage.
Something hits you.
* * * LOW HITPOINT WARNING * * *
Something shocks you.
You die...

##...####.#.....#..
###..)...#..##...#
#####..)..####.#.
#.######### #....
#########.##......###....
#........................
#.#########.....#.####...
#.................# #...
#.......@.......### ##..
#...###)'{###...#######..
#...#.......#............
##..#.......#....######.#
#..#.......#...## #.#
#..#.......#..## #.#
#..#.......#..########..
#..#...[!..#............
#..#....o..#..##########


There were no monsters in sight!

Vanquished Creatures
  The ghost of Zonian the Magician, a weakling DjIE (D:3)
  An adder (D:3)
  2 worms (D:2)
  A dart slug (D:2)
  4 orcs (D:3)
  7 ball pythons
  4 endoplasms
  2 giant cockroaches (D:1)
  5 goblins
  9 hobgoblins
  4 jackals (D:1)
  6 kobolds
  2 quokkas
  4 bats
  3 frilled lizards
  5 rats
60 creatures vanquished.

Notes
Turn   | Place    | Note
-------+----------+-------------------------------------------
     0 | D:1      | qeuew the Hill Orc Fighter began the quest for the Orb.
     0 | D:1      | Reached XP level 1. HP: 19/19 MP: 1/1
   223 | D:1      | Reached XP level 2. HP: 27/27 MP: 2/2
   803 | D:1      | Gained mutation: You are frail. (-10% HP) [potion of
                  | mutation]
   803 | D:1      | Gained mutation: Your flesh is heat resistant. (rF+)
                  | [potion of mutation]
   803 | D:1      | Gained mutation: You are partially covered in iridescent
                  | scales. (AC +2) [potion of mutation]
   803 | D:1      | Gained mutation: You are partially covered in large bone
                  | plates. (SH +4) [potion of mutation]
   878 | D:2      | Reached XP level 3. HP: 29/29 MP: 3/3
  1239 | D:2      | Reached skill level 1 in Dodging
  1597 | D:3      | Reached XP level 4. HP: 34/36 MP: 4/4
  1768 | D:3      | Found a runed translucent gate.
  1769 | D:3      | Found a runed translucent gate.
  1771 | D:3      | Found a runed translucent gate.
  1772 | D:3      | Noticed Zonian's ghost (weakling DjIE)
  1772 | D:3      | Noticed a sky beast
  1990 | D:3      | Found an opulent altar of Gozag.
  2093 | D:3      | Found a faded altar of an unknown god.
  2284 | D:3      | Killed Zonian's ghost
  2285 | D:3      | Reached XP level 5. HP: 5/42 MP: 5/5
  2293 | D:3      | Slain by a sky beast

Illustrated notes

Levels and vault maps discovered:
D:1:      saegor_arrival_under_anarchy, layout_basic, minivault_27
D:2:      layout_basic, item_on_display_a
D:3:      minmay_evil_eye, layout_loops_ring, grunt_gozag_breadcrumbs,
          hellmonk_ecumenical_altar_crossroads, gammafunk_ghost_split,
          guppyfry_early_orc_mine

Skill      XL: |  1  2  3  4 |
---------------+-------------+-----
Axes           | 3 |  3.8
Fighting       | 4 |  4.4
Dodging        | 1 |  1.5
Armour         | 4 |  4.0
Shields        | 4 |  4.0

Action                   |  1- 3 |  4- 6 || total
-------------------------+-------+-------++-------
Melee: War axe           |   123 |    44 ||   167
  Use: Scroll            |     8 |       ||     8
       Potion            |     4 |     1 ||     5
Armor: Scale mail        |    53 |    27 ||    80
Dodge: Dodged            |    54 |     9 ||    63
Block: Buckler           |    48 |    21 ||    69

Table legend: (Time is in decaauts)
 A = Elapsed time spent in this place.
 B = Non-inter-level travel time spent in this place.
 C = Inter-level travel time spent in this place.
 D = Time resting spent in this place.
 E = Time spent auto-exploring this place.
 F = Levels seen in this place.
 G = Mean time per level.
                   A        B        C        D        E       F      G
               +--------+--------+--------+--------+--------+-----+--------+
         Total |   2353 |   2252 |    101 |     21 |   1836 |   3 |  784.3 |
       Dungeon |   2353 |   2252 |    101 |     21 |   1836 |   3 |  784.3 |
               +--------+--------+--------+--------+--------+-----+--------+

Top non-repeatable levels by time:
     D:1: 889 daAuts
     D:3: 768 daAuts
     D:2: 695 daAuts
